 Dungeon Crawl Stone Soup version 0.26-a0-200-g62faa89a7e (webtiles) character file.

Game seed: 3655182021837131323

162 Crag the Grave Robber (level 5, -9/35 HPs)
             Began as a Demonspawn Necromancer on July 5, 2020.
             Mangled by a gnoll
             ... wielding a +0 halberd
              (11 damage)
             ... on level 3 of the Dungeon.
             The game lasted 00:10:50 (2930 turns).

Crag the Grave Robber (Demonspawn Necromancer)      Turns: 2930, Time: 00:10:50

Health: -9/35      AC:  4    Str:  8 (9)  XL:     5   Next: 19%
Magic:  2/9        EV: 13    Int: 15 (17) God:
Gold:   87         SH:  4    Dex: 11 (13) Spells: 9/10 levels left

rFire    + . .     SeeInvis .   e - +1 short sword
rCold    . . .     Faith    .   (no shield)
rNeg     . . .     Spirit   .   a - +0 robe
rPois    .         Reflect  .   (no helmet)
rElec    .         Harm     .   j - +0 cloak
rCorr    .                      (no gloves)
MR       .....                  b - +0 pair of boots
Stlth    +++.......             h - amulet of regeneration
HPRegen  0.51/turn              m - ring of flight
MPRegen  0.11/turn              (no ring)

@: no status effects
A: claws 1, large bone plates 1, fire resistance 1, nightstalker 1
a: Evoke Flight


You were on level 3 of the Dungeon.
You were not hungry.

You visited 1 branch of the dungeon, and saw 3 of its levels.

You collected 87 gold pieces.

Inventory:

Hand Weapons
 e - a +1 short sword (weapon)
Missiles
 k - 5 boomerangs (quivered)
 n - 19 poisoned darts
Armour
 a - a +0 robe (worn)
 b - a +0 pair of boots (worn)
 j - a +0 cloak (worn)
 o - a +0 cloak
Jewellery
 h - an amulet of regeneration (around neck)
 m - a ring of flight (left claw)
Scrolls
 d - 2 scrolls of identify
 f - 4 scrolls of teleportation
Potions
 i - a potion of brilliance {unknown}
 l - a potion of haste {unknown}
 p - a potion of heal wounds {unknown}
Comestibles
 c - 8 rations
 g - 4 chunks of flesh


   Skills:
 + Level 2.8 Dodging
 + Level 3.0 Stealth
 + Level 3.0 Spellcasting
 + Level 5.3 Necromancy


You had 9 spell levels left.
You knew the following spells:

 Your Spells              Type           Power        Failure   Level  Hunger
a - Pain                  Necr           ###.         2%          1    #......

Your spell library contained the following spells:

 Spells                   Type           Power        Failure   Level  Hunger
 Animate Skeleton         Necr           N/A          2%          1    #......
 Vampiric Draining        Necr           ###.......   7%          3    ###....
 Animate Dead             Necr           N/A          22%         4    #####..
 Agony                    Necr           ###.....     52%         5    ######.


Dungeon Overview and Level Annotations

Branches:
Dungeon (3/15)

Altars:
Ru
Uskayaw
Zin


Innate Abilities, Weirdness & Mutations

You have sharp fingernails.
You are partially covered in large bone plates. (SH +4)
Your flesh is heat resistant. (rF+)
You are slightly more attuned to the shadows.


Message History

The gnoll writhes in agony.
The gnoll hits you with a cursed +0 club.
Casting: Pain (safe; 2% risk of failure)
Confirm with . or Enter, or press ? or * to list all spells.
Aiming: Pain (safe; 2% risk of failure)
Press: ? - help, Shift-Dir - straight line, f/p - gnoll
Aim: a gnoll, wielding a +0 club (heavily wounded, chance to defeat MR: 84%)
The gnoll barely resists.
The gnoll hits you from afar with a +0 halberd!
* * * LOW HITPOINT WARNING * * *
The gnoll hits you with a cursed +0 club.
* * * LOW HITPOINT WARNING * * *
Casting: Pain (safe; 2% risk of failure)
Confirm with . or Enter, or press ? or * to list all spells.
Aiming: Pain (safe; 2% risk of failure)
Press: ? - help, Shift-Dir - straight line, f/p - gnoll
Aim: a gnoll, wielding a +0 club (heavily wounded, chance to defeat MR: 84%)
The gnoll writhes in agony.
The gnoll hits you from afar with a +0 halberd!
You die...

##........
##.#####.. ...# .#
#### # # # #
####.# ### #.gg.#
..# #@# #.# #.#
#.# #.# #.# #####
#.# #.# #...####.#
#.#######.#......#
..........#...####
..#.....#####.#
..#.##....#...#


You could see 2 gnolls.

Vanquished Creatures
  An orc wizard (D:3)
  2 gnolls (D:3)
  4 adders
  An adder skeleton (D:3)
  A worm (D:3)
  2 dart slugs (D:3)
  2 leopard geckos (D:1)
  4 orcs (D:3)
  A ball python (D:3)
  7 bats
  3 giant cockroaches
  3 goblins
  9 hobgoblins
  2 jackals (D:2)
  7 kobolds
  3 quokkas (D:3)
  2 frilled lizards
  7 rats
61 creatures vanquished.

Notes
Turn   | Place    | Note
-------+----------+-------------------------------------------
     0 | D:1      | Crag the Demonspawn Necromancer began the quest for the
                  | Orb.
     0 | D:1      | Reached XP level 1. HP: 13/13 MP: 3/3
   401 | D:1      | Gained mutation: You are slightly more attuned to the
                  | shadows. [demonic ancestry]
   401 | D:1      | Reached XP level 2. HP: 17/19 MP: 5/5
  1375 | D:2      | Gained mutation: You are partially covered in large bone
                  | plates. (SH +4) [demonic ancestry]
  1375 | D:2      | Reached XP level 3. HP: 23/24 MP: 3/6
  1558 | D:2      | Reached skill level 5 in Necromancy
  1634 | D:2      | Found a glowing silver altar of Zin.
  2145 | D:3      | Gained mutation: You have sharp fingernails. [demonic
                  | ancestry]
  2145 | D:3      | Reached XP level 4. HP: 21/30 MP: 0/7
  2351 | D:3      | Found a sacrificial altar of Ru.
  2682 | D:3      | Gained mutation: Your flesh is heat resistant. (rF+)
                  | [demonic ancestry]
  2682 | D:3      | Reached XP level 5. HP: 34/35 MP: 3/9
  2759 | D:3      | Found a hide-covered altar of Uskayaw.
  2930 | D:3      | Mangled by a gnoll

Illustrated notes

Levels and vault maps discovered:
D:1:      minmay_arrival_three_doors, layout_loops_ring, serial_forest,
          infiniplex_forest_clump_C, infiniplex_forest_zigzag_1,
          infiniplex_forest_join, infiniplex_forest_zigzag_1,
          infiniplex_forest_clump_cross, wander_ebering_terrifying_dragon_lair
D:2:      layout_loops_ring, lemuel_coloured_pillars_altar
D:3:      layout_loops_cross, eat_drink_and_be_merry_uskayaw,
          nicolae_ru_great_annihilating_truth, first_ration

Skill      XL: |  1  2  3  4  5 |
---------------+----------------+-----
Dodging        | 2 |  2.8
Stealth        | 2 3 |  3.0
Necromancy     | 5 |  5.3
Spellcasting   | 3 |  3.0

Action                   |  1- 3 |  4- 6 || total
-------------------------+-------+-------++-------
Melee: Short sword       |    60 |    51 ||   111
 Cast: Pain              |    50 |    47 ||    97
  Use: Scroll            |     5 |       ||     5
       Potion            |     1 |       ||     1
 Stab: Sleeping          |     1 |       ||     1
  Eat: Chunk             |     4 |     3 ||     7
Armor: Robe              |    26 |     4 ||    30
Dodge: Dodged            |    35 |    24 ||    59
Block: Other             |     2 |    10 ||    12

Table legend:
 A = Non-vault XP
 B = Vault XP
 C = Vault XP percentage of total XP
 D = Non-vault monster count
 E = Vault monster count
 F = Vault count percentage of total count
                 A         B        C        D         E       F
            +---------+---------+-------+---------+---------+-------
      Total |     184 |      48 |  20.7 |      56 |       5 |   8.2
            +---------+---------+-------+---------+---------+-------
        D:1 |      29 |       3 |   9.4 |      16 |       1 |   5.9
        D:2 |      52 |       0 |   0.0 |      17 |       0 |   0.0
        D:3 |     103 |      45 |  30.4 |      23 |       4 |  14.8
            +---------+---------+-------+---------+---------+-------
